 Dungeon Crawl Stone Soup version 0.32-a0-893-gf85d74f360 (webtiles) character file.

Game seed: 4292346842287147067

427 KennySheep the Sneak (level 6, -29/47 HPs)
             Began as an Armataur Hedge Wizard on Apr 4, 2024.
             Was an Initiate of Elyvilon.
             Annihilated by an ogre
             ... wielding a +0 giant club
              (35 damage)
             ... on level 4 of the Dungeon.
             The game lasted 00:11:38 (3293 turns).

KennySheep the Sneak (Armataur Hedge Wizard)        Turns: 3293, Time: 00:11:38

Health: -29/47     AC:  5    Str: 15    XL:     6   Next: 65%
Magic:  11/12      EV: 13    Int: 14    God:    Elyvilon [......]
Gold:   193        SH:  0    Dex: 12    Spells: 8/13 levels left

rFire   . . .        l - +1 dagger (holy)
rCold   . . .        (no shield)
rNeg    . . .        b - +0 robe
rPois   +            c - +0 hat
rElec   .            (no cloak)
rCorr   .            g - +0 pair of gloves
SInv    .            (no barding)
Will    .....        (no amulet)
Stlth   +++          k - ring of poison resistance
HPRegen 0.27/turn    f - +5 ring of evasion
MPRegen 0.13/turn

%: roll
@: no status effects
A: large, deformed body, tough skin 3, armoured tail, rollpage 1
a: Renounce Religion


You were on level 4 of the Dungeon.
You worshipped Elyvilon.
Elyvilon was noncommittal.
You visited 1 branch of the dungeon, and saw 4 of its levels.
You also visited: Sewer.

You collected 193 gold pieces.

Inventory:

Hand Weapons
 a - a +1 dagger
 l - a +1 dagger of holy wrath (weapon)
Armour
 b - a +0 robe (worn)
 c - a +0 hat (worn)
 g - a +0 pair of gloves (worn)
 n - a +0 pair of gloves
Jewellery
 f - a +5 ring of evasion (right hand)
 k - a ring of poison resistance (left hand)
Scrolls
 h - 3 scrolls of immolation
 m - a scroll of vulnerability {unknown}
Potions
 d - 2 potions of magic
 e - 2 potions of enlightenment
 i - 4 potions of curing
 j - a potion of haste {unknown}


   Skills:
 + Level 1.1 Fighting
 + Level 3.2 Short Blades
 - Level 1.3 Dodging
 + Level 5.0 Stealth
 + Level 4.0 Spellcasting
 - Level 0.8 Conjurations
 - Level 0.7 Summonings
 - Level 1.0 Translocations
 + Level 1.2 Invocations


You had 8 spell levels left.
You knew the following spells:

 Your Spells              Type           Power      Damage    Failure   Level
a - Magic Dart            Conj           20%        1d4       14%         1
b - Blink                 Tloc           10%        N/A       19%         2
c - Call Imp              Summ           8%         N/A       22%         2

Your spell library contained the following spells:

 Spells                   Type           Power      Damage    Failure   Level
 Slow                     Hex            8%         N/A       19%         1
 Cigotuvi's Dreadful Rot  Necr/Alch/Air  4%         N/A       28%         2
 Dazzling Flash           Conj/Hex       8%         N/A       43%         3
 Mephitic Cloud           Conj/Alch/Air  3%         N/A       45%         3
 Summon Ice Beast         Ice/Summ       3%         N/A       45%         3
 Curse of Agony           Necr           2%         N/A       99%         5
 Silence                  Hex/Air        1%         N/A       99%         5
 Summon Mana Viper        Hex/Summ       3%         N/A       99%         5
 Monstrous Menagerie      Summ           2%         N/A       100%        7


Dungeon Overview and Level Annotations

Branches:
Dungeon (4/15)              Sewer (visited)
 Temple: D:4-7

Altars:

Annotations:
D:4 Robin


Innate Abilities, Weirdness & Mutations

Armour fits poorly on your strangely shaped body.
You have extremely tough skin. (AC +3)
You have a long armoured tail.
You regenerate magic when rolling toward enemies. (Rampage MPRegen)


Message History

There is a stone staircase leading down here.
No target in view!
Okay, then.
Casting: Call Imp (safe; 22% risk of failure)
Confirm with . or Enter, or press ? or * to list all spells.
Okay, then.
Search for what [Enter for "st", or ? for help]? arm Done exploring.
Done exploring.
There is an escape hatch in the floor here.
There is a stone staircase leading down here.
You climb downwards.
Level annotation: Robin
Found a translucent long sword.
There is a stone staircase leading up here.
The helpless ogre fails to defend itself.
You impale the ogre!!
The ogre is severely wounded.
The ogre barely misses you.
You barely miss the ogre.
The ogre is severely wounded.
You hit the ogre.
The ogre is severely wounded.
The ogre hits you with a +0 giant club!!
Casting: Call Imp (safe; 22% risk of failure)
Confirm with . or Enter, or press ? or * to list all spells.
Aiming: Magic Dart (safe; 14% risk of failure)
Press: ? - help, Shift-Dir - straight line, f - ogre
Aim: an ogre, wielding a +0 giant club (severely wounded, 100% to hit)
The magic dart hits the ogre.
The ogre is almost dead.
The ogre hits you with a +0 giant club!!
* * * LOW HITPOINT WARNING * * *
You closely miss the ogre.
The ogre is almost dead.
You barely miss the ogre.
The ogre is almost dead.
The ogre hits you with a +0 giant club!!
Ouch! That really hurt!
You die...

#####
##...##
#.ß.ß.#
#..<@.+
#.ß.ßO#
##.).##
#####


You could see an ogre.

Vanquished Creatures
  A centaur (D:3)
  2 kobold brigands (Sewer)
  A scorpion (D:4)
  7 adders
  A ribbon worm (D:2)
  7 orcs (D:3)
  11 ball pythons
  6 endoplasms
  2 giant cockroaches (D:3)
  7 goblins
  6 hobgoblins
  2 jackals (Sewer)
  6 kobolds
  5 quokkas
  5 bats
  5 frilled lizards
  7 rats
81 creatures vanquished.

Vanquished Creatures (collateral kills)
  A jackal (Sewer)
  A rat (Sewer)
2 creatures vanquished.

Grand Total: 83 creatures vanquished

Notes
Turn   | Place    | Note
-------+----------+-------------------------------------------
     0 | D:1      | KennySheep the Armataur Hedge Wizard began the quest for
                  | the Orb.
     0 | D:1      | Reached XP level 1. HP: 14/14 MP: 4/4
   312 | D:1      | Reached XP level 2. HP: 10/20 MP: 5/5
   328 | D:1      | Reached skill level 1 in Short Blades
  1207 | D:2      | Reached skill level 3 in Stealth
  1207 | D:2      | Reached XP level 3. HP: 26/26 MP: 5/7
  1909 | D:3      | Reached XP level 4. HP: 32/33 MP: 8/8
  2062 | D:3      | Learned a level 2 spell: Blink
  2065 | D:3      | Learned a level 2 spell: Call Imp
  2216 | D:3      | Found a glowing drain.
  2222 | Sewer    | Entered a sewer
  2443 | Sewer    | Noticed a kobold brigand
  2445 | Sewer    | Noticed a kobold brigand
  2467 | Sewer    | Killed a kobold brigand
  2468 | Sewer    | Reached skill level 4 in Stealth
  2468 | Sewer    | Reached XP level 5. HP: 38/38 MP: 10/10
  2554 | Sewer    | Found a white marble altar of Elyvilon.
  2563 | Sewer    | Became a worshipper of Elyvilon the Healer
  2824 | D:3      | Noticed a centaur
  2837 | D:3      | Reached XP level 6. HP: 37/45 MP: 11/11
  3222 | D:4      | Reached skill level 1 in Fighting
  3222 | D:4      | Reached skill level 5 in Stealth
  3222 | D:4      | Reached skill level 1 in Invocations
  3222 | D:4      | Noticed Robin
  3293 | D:4      | Annihilated by an ogre

Illustrated notes

Levels and vault maps discovered:
D:1:      matt_arrival_los_fun, layout_loops_corners, serial_glass,
          glass_columns_b, glass_columns_b, minivault_11
D:2:      minmay_general_purpose_star, layout_basic, reono_crystal_passage,
          grunt_ministairs_11
D:3:      minmay_wonky_spiral, layout_loops_ring,
          mainiacjoe_sewer_entry_somewhere_in_here_2, st_stairs_6
D:4:      layout_layer_cave, grunt_ministairs_11, uniq_robin

Skill      XL: |  1  2  3  4  5  6 |
---------------+-------------------+-----
Short Blades   | 1 2 3 |  3.2
Stealth        | 3 4 5 |  5.0
Spellcasting   | 3 4 |  4.0
Fighting       | 1 |  1.1
Invocations    | 1 |  1.2
Dodging        | |  1.3
Conjurations   | |  0.8
Summonings     | |  0.7
Translocations | |  1.0

Action                     |  1- 3 |  4- 6 || total
---------------------------+-------+-------++-------
  Melee: Dagger            |   140 |   174 ||   314
         Tailslap          |    19 |    18 ||    37
   Cast: Magic Dart        |     1 |     1 ||     2
         Call Imp          |       |     4 ||     4
    Use: Scroll            |     2 |       ||     2
         Potion            |       |     4 ||     4
   Stab: Sleeping          |     9 |     7 ||    16
 Armour: Robe              |    93 |   102 ||   195
  Dodge: Dodged            |    77 |   127 ||   204

Table legend: (Time is in decaauts)
 A = Elapsed time spent in this place.
 B = Non-inter-level travel time spent in this place.
 C = Inter-level travel time spent in this place.
 D = Time resting spent in this place.
 E = Time spent auto-exploring this place.
 F = Levels seen in this place.
 G = Mean time per level.
                   A        B        C        D        E       F      G
               +--------+--------+--------+--------+--------+-----+--------+
         Total |   3267 |   3121 |    146 |    292 |   2220 |   5 |  653.4 |
       Dungeon |   2896 |   2750 |    146 |     85 |   2134 |   4 |  724.0 |
         Sewer |    371 |    371 |      0 |    207 |     86 |   1 |  371.0 |
               +--------+--------+--------+--------+--------+-----+--------+

Top non-repeatable levels by time:
     D:1: 1059 daAuts
     D:3: 1021 daAuts
     D:2: 803 daAuts
   Sewer: 371 daAuts
     D:4: 11 daAuts
